[Event "Early-Titled-Tuesday-Blitz-October-10-2023"]
[Site "Chess.com"]
[Date "2023.10.10"]
[Round "1"]
[White "Zurability"]
[Black "Balla_Tamas"]
[Result "1-0"]
[WhiteElo "2743"]
[BlackElo "2430"]
[TimeControl "180+1"]
[EndTime "8:07:56 PDT"]
[Termination "Zurability won on time"]

1. Nf3 c5 2. g3 Nc6 3. Bg2 g6 4. O-O Bg7 5. c4 e6 6. Nc3 Nge7 7. d4 cxd4 8. Nb5 d5 9. cxd5 Nxd5 10. Nbxd4 Nxd4 11. Nxd4 O-O 12. Nb3 b6 13. e4 Ne7 14. Bg5 f6 15. Be3 Bb7 16. Qe2 Kh8 17. Nd4 Qd7 18. Rfd1 e5 19. Nb5 Qc8 20. Rac1 Nc6 21. Nd6 Qc7 22.
Qc4 Rad8 23. Nb5 Qe7 24. Nc3 Rxd1+ 25. Rxd1 Rd8 26. Rxd8+ Qxd8 27. h4 Na5 28. Qf7 Qf8 29. Qd7 Qc8 30. Qd1 h6 31. h5 g5 32. Bf3 Kh7 33.
Bg4 Qe8 34. Bf5+ Kh8 35. Bg6 Qc8 36. Nd5 Bxd5 37. exd5 Nc4 38. d6 Qd7 39. Qd5 Nxd6 40. Qa8+ Nc8 41. Qe4 Bf8 42. Bf5 Qc7 43. Qa8 Kg7 44.
Qxc8 Qxc8 45. Bxc8 Bc5 46. Bf5 Bd6 47. Kf1 Kf7 48.
Ke2 Ke7 49. Kd3 Bb4 50. Ke4 Kd6 51. Bg4 a5 52. Kf5 Ke7 53. Kg6 1-0

[Event "Early-Titled-Tuesday-Blitz-October-10-2023"]
[Site "Chess.com"]
[Date "2023.10.10"]
[Round "1"]
[White "FontVella8"]
[Black "LuisFSiles"]
[Result "1/2-1/2"]
[WhiteElo "2612"]
[BlackElo "2315"]
[TimeControl "180+1"]
[EndTime "8:07:56 PDT"]
[Termination "Game drawn by repetition"]

1. e4 c5 2. Nf3 Nc6 3. d4 cxd4 4.
Nxd4 Nf6 5. Nc3 e5 6. Ndb5 d6 7. Bg5 a6 8. Na3 b5 9. Bxf6 gxf6 10. Nd5 f5 11. g3 h5 12. Bg2 f4 13. c3 h4 14.
gxf4 h3 15. Bf3 exf4 16. Qd2 Ne5 17. Be2 Bh6 18. f3 Qh4+ 19. Kd1 O-O 20. Rg1+ Kh8 21. Qe1 Qd8 22. Nc2 Be6 23. Nd4 Rg8 24. Rxg8+ Kxg8 25. Kc2 Rc8 26. a3 Nc6 27. Qg1+ Kh7 28. Nxc6 Rxc6 29. Qd4 Bg7 30. Qd2 Rc5 31. Rg1 Bxd5 32.
exd5 Qf6 33. Bd3+ Kh8 34. Qe2 Qe5 35. Qxe5 Bxe5 36. Be4 a5 37. Rg4 b4 38. axb4 axb4 39. c4 Rxc4+ 40. Kb3 Rd4 41. Rh4+ Kg7 42. Rxh3 Rd2 43.
Rh7+ Kf6 44. Rh6+ Ke7 45. Kxb4 Rxb2+ 46. Ka3 Rb8 47. Rh7 Rh8 48. Rxh8 Bxh8 49. Kb4 Kf6 50. Kb5 Kg5 51. Kc6 Be5 52. Kd7 Kh4 53. Ke7 Kh3 54.
Kxf7 Kxh2 55. Ke6 Kg1 56. Kf5 Kf2 57. Kg4 Ke3 58. Kf5 Kd4 59. Kg4 Ke3 60. Kf5 Kd4 61.
Kg4 Ke3 1/2-1/2

[Event "Early-Titled-Tuesday-Blitz-October-10-2023"]
[Site "Chess.com"]
[Date "2023.10.10"]
[Round "1"]
[White "alexrustemov"]
[Black "Herzog2012"]
[Result "1/2-1/2"]
[WhiteElo "2864"]
[BlackElo "2496"]
[TimeControl "180+1"]
[EndTime "8:07:58 PDT"]
[Termination "Game drawn - insufficient material"]

1. d4 Nf6 2. c4 e6 3. Nf3 b6 4. a3 Ba6 5. Qc2 d5 6. cxd5 exd5 7. Bg5 Be7 8. Nc3 O-O 9. g3 c6 10.
Bg2 Nbd7 11. O-O Bb7 12. Rfd1 Re8 13. Rac1 Rc8 14. Bh3 Ra8 15. b4 b5 16. Ne5 Nxe5 17.
dxe5 Nd7 18. Bxe7 Qxe7 19. f4 a5 20. e4 axb4 21. axb4 Nb6 22. exd5 cxd5 23. Nxb5 Qxb4 24. Qc5 Qxc5+ 25. Rxc5 Ra5 26. Rc7 Rxb5 27. Rxb7 g6 28. Bf1 Rb2 29. Rxd5 Nxd5 30. Rxb2 Rc8 31. Kf2 Nc3 32.
Kf3 Na4 33. Rb3 Rc1 34. Bb5 Nc5 35. Ra3 Rc2 36. h3 h5 37. Be2 Ne6 38. Ke3 Rc1 39. g4 Rh1 40. Ra8+ Kg7 41. f5 gxf5 42. gxf5 Rxh3+ 43.
Kf2 Nf4 44. Bf1 Nd3+ 45. Kg1 Re3 46. Bxd3 Rxd3 47. Ra7 Rf3 48. f6+ Kg6 49. Kg2 Re3 50.
Re7 h4 51. Kf2 Re4 52. Kf3 Re1 53. Re8 h3 54. Kg3 Kf5 55. Re7 Rxe5 56. Rxf7 Kg6 57. Rf8 Rf5 58. Kxh3 Rxf6 59. Rxf6+ Kxf6 1/2-1/2

[Event "Early-Titled-Tuesday-Blitz-October-10-2023"]
[Site "Chess.com"]
[Date "2023.10.10"]
[Round "1"]
[White "RobertoJBM"]
[Black "JoliyRoger"]
[Result "1/2-1/2"]
[WhiteElo "2818"]
[BlackElo "2468"]
[TimeControl "180+1"]
[EndTime "8:07:58 PDT"]
[Termination "Game drawn by stalemate"]

1. d4 Nf6 2. Nf3 e6 3. e3 b6 4. Bd3 Bb7 5. O-O Be7 6. Qe2 d5 7. Nbd2 Nbd7 8. e4 dxe4 9. Nxe4 O-O 10. Rd1 Rc8 11. Bg5 h6 12. Bh4 Nxe4 13. Bxe7 Qxe7 14. Bxe4 Bxe4 15. Qxe4 Nf6 16. Qc6 Qd6 17. Ne5 a5 18. c3 Rfd8 19. Re1 Kf8 20. Rad1 Qxc6 21. Nxc6 Rd6 22.
Ne5 Ke7 23. f4 c5 24. dxc5 Rxd1 25. Rxd1 Rxc5 26. c4 g5 27. g3 Rc7 28. Kf2 gxf4 29.
gxf4 Nd7 30. Nxd7 Rxd7 31. Rxd7+ Kxd7 32. Ke3 Kd6 33. Kd4 f6 34. b3 Kc6 35. a3 Kd6 36.
b4 axb4 37. axb4 Kc6 38. Ke4 Kd6 39. Kf3 e5 40. Ke4 Ke6 41. fxe5 fxe5 42. c5 bxc5 43. bxc5 Kd7 44. Kxe5 Kc6 45. Kd4 h5 46. h4 Kc7 47.
Ke5 Kc6 48. Kd4 Kc7 49. Kd5 Kd7 50. c6+ Kc7 51. Kc5 Kc8 52. Kd6 Kd8 53. Ke6 Kc7 54. Kf6 Kxc6 55. Kg5 Kd7 56. Kxh5 Ke7 57. Kg6 Kf8 58.
Kh7 Kf7 59. h5 Kf8 60. h6 Kf7 61. Kh8 Kf8 62. h7 Kf7 1/2-1/2

[Event "Early-Titled-Tuesday-Blitz-October-10-2023"]
[Site "Chess.com"]
[Date "2023.10.10"]
[Round "1"]
[White "Andrej2004"]
[Black "esrosenberg"]
[Result "0-1"]
[WhiteElo "2623"]
[BlackElo "2371"]
[TimeControl "180+1"]
[EndTime "8:07:58 PDT"]
[Termination "esrosenberg won by checkmate"]

1. Nf3 d5 2. b3 Nf6 3. Bb2 Bf5 4. g3 e6 5. Bg2 c6 6. d3 h6 7.
Nbd2 Bh7 8. O-O Nbd7 9. Re1 Bc5 10. h3 O-O 11. e4 Qc7 12. Kh2 a5 13. Qe2 a4 14. a3 axb3 15. cxb3 Ba7 16. b4 Rfe8 17.
Rac1 Red8 18. Nd4 Qb6 19. N2b3 e5 20. Nf3 Qxf2 21. Nxe5 Nxe5 22. Bxe5 dxe4 23. dxe4 Qxe2 24. Rxe2 Rd3 25. Na5 Rxa3 26. Nxb7 Re3 27. Rxe3 Bxe3 28. Re1 Bd2 29. Re2 Bxb4 30. Bd6 Bxd6 31. Nxd6 Nd7 32. e5 Ra5 33. e6 fxe6 34. Bxc6 Ne5 35. Bg2 Bd3 36. Rb2 Nc4 37. Rb8+ Kh7 38. Nxc4 Bxc4 39.
Be4+ g6 40. Rb7+ Kg8 41. Bxg6 Ra2+ 42. Kg1 Bd5 43. Rb8+ Kg7 44. Bh5 Rg2+ 45. Kf1 Rxg3 46. Bg4 h5 47. Bxh5 Rxh3 48. Bg4 Rh2 49. Rb4 Kf6 50. Be2 Ke5 51. Rg4 Kf5 52. Rb4 Be4 53. Rb5+ e5 54. Rb8 Kf4 55. Rb3 Bd5 56. Ra3 e4 57.
Bb5 e3 58. Ra4+ Kf3 59. Kg1 Rg2+ 60. Kf1 Rb2 61. Bd7 Rb1# 0-1

[Event "Early-Titled-Tuesday-Blitz-October-10-2023"]
[Site "Chess.com"]
[Date "2023.10.10"]
[Round "1"]
[White "IMSlavin"]
[Black "Aslanov_Umid"]
[Result "0-1"]
[WhiteElo "2226"]
[BlackElo "2586"]
[TimeControl "180+1"]
[EndTime "8:07:59 PDT"]
[Termination "Aslanov_Umid won on time"]

1. e4 c5 2. g3 d6 3. Bg2 Nc6 4. Ne2 Nf6 5. Nbc3 Bg4 6. h3 Bxe2 7. Nxe2 e5 8. O-O Be7 9. c3 O-O 10. d4 exd4 11. cxd4 Re8 12. Be3 Rc8 13. a3 Qb6 14. dxc5 dxc5 15. b4 Ne5 16. Rc1 Red8 17. Qa4 Nd3 18.
Rc3 Qe6 19. Qc2 cxb4 20. Rxc8 Qxc8 21. Qa4 a6 22. axb4 b5 23. Qa1 Nxb4 24. Rc1 Qe6 25. Nf4 Qb3 26. e5 Nfd5 27. Nxd5 Nxd5 28. Bd4 Nb4 29.
Qa5 Rxd4 30. Rc8+ Bf8 31. Qb6 Qd1+ 32. Kh2 Rc4 33. Ra8 Qd7 34. Qb8 Qe7 35. Ra7 Qc5 36. Qb7 Rc2 37. Qxf7+ Kh8 38. e6 Rxf2 39. Qc7 Rxg2+ 40.
Kxg2 Qd5+ 41. Kf2 Qxe6 42. Ra8 Nd3+ 43. Kf3 Ne5+ 44. Kf2 Qf5+ 45. Ke1 Qe4+ 46. Kd1 Qxa8 47. Qxe5 Qd8+ 0-1

[Event "Early-Titled-Tuesday-Blitz-October-10-2023"]
[Site "Chess.com"]
[Date "2023.10.10"]
[Round "1"]
[White "Hrant_ChessMood"]
[Black "bipe137"]
[Result "0-1"]
[WhiteElo "2939"]
[BlackElo "2523"]
[TimeControl "180+1"]
[EndTime "8:08:01 PDT"]
[Termination "bipe137 won by checkmate"]

1. d4 d5 2. c4 e6 3. Nc3 a6 4. cxd5 exd5 5. Bf4 c6 6. e3 Bd6 7. Bxd6 Qxd6 8. Bd3 Ne7 9. Qc2 Nd7 10.
Nf3 Nf6 11. O-O O-O 12. Ne5 g6 13. Na4 Bf5 14. Nc5 Bxd3 15. Nexd3 Rab8 16. b4 Nf5 17. a4 Ng4 18. g3 h5 19. Qd1 Rfe8 20. Qf3 Qc7 21.
Rac1 Qe7 22. Rfe1 Nd6 23. Nf4 Nf6 24. Rb1 Nfe4 25. Ra1 Rbd8 26. Rec1 h4 27. Ra2 Kg7 28. Rac2 hxg3 29. hxg3 Rh8 30. Ncd3 Ng5 31. Qg4 f6 32. Kg2 Nf5 33. Nxg6 Qe4+ 34. Qxe4 dxe4 35. Ndf4 Rh6 36. Rh1 Rxg6 37. Nxg6 Kxg6 38. b5 axb5 39. axb5 Ne7 40. bxc6 bxc6 41. Rb2 Kf7 42. Rb7 Ke6 43. Ra7 Rb8 44.
Rc1 Nf3 45. Ra6 Kd6 46. Ra5 Rh8 47. Rh1 Rb8 48. Rah5 Nd5 49. Rc1 Rb2 50. Rhh1 Nxe3+ 51. Kh3 Nd5 52. Rhf1 f5 53. g4 f4 54. Ra1 Rb8 55.
g5 Rh8+ 56. Kg4 Ke6 57. Ra6 Rh4# 0-1

[Event "Early-Titled-Tuesday-Blitz-October-10-2023"]
[Site "Chess.com"]
[Date "2023.10.10"]
[Round "1"]
[White "Ermito2020"]
[Black "Efremov_Vlad"]
[Result "1-0"]
[WhiteElo "2608"]
[BlackElo "2294"]
[TimeControl "180+1"]
[EndTime "8:08:04 PDT"]
[Termination "Ermito2020 won on time"]

1. e4 c5 2. Nf3 d6 3. d4 cxd4 4.
Nxd4 Nf6 5. Nc3 a6 6. Bg5 e6 7. Qf3 Nbd7 8. O-O-O Qc7 9. Qg3 h6 10. Bxf6 Nxf6 11. f4 g5 12. fxg5 hxg5 13. Kb1 Be7 14. Bd3 Nd7 15. h4 gxh4 16. Nxe6 fxe6 17. Qg6+ Kd8 18.
Qxe6 Ne5 19. Qb3 b5 20. Nd5 Qc5 21. Be2 Be6 22. g3 Kd7 23. gxh4 Rxh4 24. Rxh4 Bxh4 25.
a3 Rf8 26. Rh1 Qf2 27. Bxb5+ axb5 28. Qxb5+ Kc8 29. Qa6+ Kd7 30. Qb7+ Ke8 31. Qb8+ Kf7 32. Qxd6 Bxd5 33. Qxd5+ Kf6 34. Qd6+ Kg7 35. Qxe5+ Bf6 36. Qh5 Bd4 37. e5 Qf5 38. Qh6+ Kf7 39. e6+ Qxe6 40. Rf1+ Bf6 41. Qh7+ Ke8 42. Rd1 Be7 43. Qh5+ Rf7 44.
Qb5+ Kf8 45. Qh5 Qf6 46. Qb5 1-0

[Event "Early-Titled-Tuesday-Blitz-October-10-2023"]
[Site "Chess.com"]
[Date "2023.10.10"]
[Round "1"]
[White "sergoy"]
[Black "angryspacevoid"]
[Result "1-0"]
[WhiteElo "3018"]
[BlackElo "2514"]
[TimeControl "180+1"]
[EndTime "8:08:07 PDT"]
[Termination "sergoy won by checkmate"]

1. d4 d5 2. c4 e6 3. Nf3 Nf6 4. Nc3 dxc4 5. e4 Bb4 6. Bxc4 c5 7. O-O cxd4 8. Nxd4 Bxc3 9. bxc3 O-O 10. e5 Nd5 11. Ba3 Re8 12. Nb5 Nc6 13. Nd6 Nxe5 14. Bxd5 exd5 15.
Nxe8 Qxe8 16. Qxd5 Nc6 17. Rfe1 Be6 18. Qg5 Rd8 19.
Rad1 Rxd1 20. Rxd1 Bxa2 21. Bc5 Bb3 22. Rc1 a5 23.
Bd4 Qf8 24. Bc5 Qe8 25. h4 h6 26. Qe3 Qxe3 27. Bxe3 b5 28. Bc5 a4 29. Re1 Na5 30. Re8+ Kh7 31. Rb8 Bc4 32. Ra8 Nc6 33. f3 Ne5 34.
Ra7 Nd3 35. Bd4 Kg6 36. g4 h5 37. Ra6+ f6 38. Ra7 hxg4 39. fxg4 Nf4 40. Kf2 Ne6 41.
Be3 f5 42. h5+ Kf6 43. gxf5 Kxf5 44. Kg3 Ke4 45. Bc1 Kd3 46. Ba3 Kxc3 47. Rb7 Nd4 48. Kf4 Bd5 49. Rb8 Nc2 50. Bd6 b4 51. Be5+ Kd3 52.
Bxg7 b3 53. h6 Be4 54. Rd8+ Kc4 55. Kxe4 a3 56. Rc8+ Kb4 57. h7 a2 58. h8=Q Ka3 59.
Qf8+ Nb4 60. Ra8# 1-0

[Event "Early-Titled-Tuesday-Blitz-October-10-2023"]
[Site "Chess.com"]
[Date "2023.10.10"]
[Round "1"]
[White "SALVA-DALI"]
[Black "maximnovik"]
[Result "1-0"]
[WhiteElo "2752"]
[BlackElo "2430"]
[TimeControl "180+1"]
[EndTime "8:08:08 PDT"]
[Termination "SALVA-DALI won by checkmate"]

1. c4 Nf6 2. Nf3 g6 3. g3 Bg7 4. Bg2 c5 5. O-O d5 6. Nc3 d4 7. Na4 Nfd7 8. Rb1 Nc6 9. a3 Qc7 10. d3 b6 11. b4 Bb7 12. e4 O-O 13. h3 Rab8 14. Bd2 Ba8 15. Qe2 e5 16. Nh2 Nd8 17. f4 exf4 18. gxf4 Bc6 19. b5 Bb7 20. f5 f6 21. Ng4 Nf7 22. Nb2 g5 23. Nd1 Nfe5 24. Ndf2 Rf7 25. Nxe5 Nxe5 26. Ng4 Bf8 27. Be1 Kg7 28. Nxe5 Qxe5 29. Rf3 Bd6 30. Bg3 Qe7 31. Bxd6 Qxd6 32. Rbf1 Re8 33. Qf2 h5 34. Rg3 h4 35. Rg4 Kf8 36. Bf3 a6 37. Rb1 axb5 38. Rxb5 Ra8 39. Qb2 Ra6 40. a4 Bc8 41. a5 bxa5 42.
Rb8 Rc7 43. e5 Qxe5 44. Re4 Qg3+ 45. Bg2 Kg7 46. Rxc8 Rxc8 47. Qb7+ Rc7 48. Qxa6 Qxd3 49. Qd6 Rf7 50. Re7 Qxc4 51. Rxf7+ Qxf7 52. Bd5 Qf8 53. Qc7+ Kh6 54. Qxa5 Qd6 55. Qa8 g4 56. Qh8+ Kg5 57.
Qg7+ Kf4 58. Qxg4+ Ke3 59. Qf3+ Kd2 60. Qf2+ Kc3 61.
Qa2 d3 62. Qa1+ Kc2 63. Qa2+ Kc3 64. Qa1+ Kd2 65. Qb2+ Kd1 66. Bf3+ Ke1 67. Qf2# 1-0

[Event "Early-Titled-Tuesday-Blitz-October-10-2023"]
[Site "Chess.com"]
[Date "2023.10.10"]
[Round "1"]
[White "DvaHrasta"]
[Black "dziththaulydcc"]
[Result "0-1"]
[WhiteElo "2450"]
[BlackElo "2794"]
[TimeControl "180+1"]
[EndTime "8:08:09 PDT"]
[Termination "dziththaulydcc won on time"]

1. c4 Nf6 2. g3 c6 3. Bg2 d5 4.
cxd5 cxd5 5. Nf3 Nc6 6. d4 Bf5 7. O-O e6 8. Nc3 Bd6 9. Bf4 Bxf4 10. gxf4 O-O 11. Ne5 Qb6 12. Na4 Qa5 13. Nc5 Rab8 14. a3 Rfd8 15. b4 Qb6 16. Rc1 Nxe5 17. fxe5 Nd7 18.
Nxd7 Rxd7 19. Rc5 Qa6 20. Ra5 Qc4 21. Rc5 Qa2 22. Qa4 Rdd8 23. e3 a6 24. Rfc1 Qe2 25. Qd1 Qa2 26. Qa4 Qe2 27. Qd1 Qb2 28. Qa4 h5 29. h3 Bd3 30. Rc7 Bb5 31. Qd1 Be2 32.
Qa4 Qd2 33. R7c2 Qd3 34. Rc3 Qg6 35. Qc2 Qxc2 36. R1xc2 Bc4 37. Bf1 b5 38. Bxc4 bxc4 39. Rb2 Rb6 40. Kf1 Rdb8 41. Rc1 Kh7 42. Ke1 Kg6 43. Kd2 Kf5 44. f3 g5 45. Kc3 a5 46.
Rg1 axb4+ 47. Rxb4 Rxb4 48. axb4 Ra8 49. Rb1 Ra3+ 50.
Kd2 Ra7 51. b5 g4 52. fxg4+ hxg4 53. hxg4+ Kxg4 54. Kc3 Kf3 55. Kb4 Kxe3 56. b6 Rb7 57. Kc5 c3 58. Kc6 Rb8 59. Kc7 Rg8 60. b7 c2 61. Ra1 Kd2 62. b8=Q Rxb8 63. Kxb8 c1=Q 64. Rxc1 Kxc1 65. Kc7 Kd2 66. Kd6 Kd3 67.
Ke7 Kxd4 0-1

[Event "Early-Titled-Tuesday-Blitz-October-10-2023"]
[Site "Chess.com"]
[Date "2023.10.10"]
[Round "1"]
[White "GlavkonVVS"]
[Black "FischerKasparow"]
[Result "1-0"]
[WhiteElo "2557"]
[BlackElo "2139"]
[TimeControl "180+1"]
[EndTime "8:08:09 PDT"]
[Termination "GlavkonVVS won on time"]

1. c4 Nf6 2. Nc3 g6 3. d4 Bg7 4. Nf3 O-O 5. Bg5 c5 6. d5 d6 7. e4 b5 8. cxb5 a6 9. a4 Qa5 10. Bd2 Qb4 11. Qc2 Nfd7 12. Be2 axb5 13. Bxb5 c4 14.
O-O Nc5 15. Rfb1 Qb3 16. Qxb3 Nxb3 17. Ra3 Ba6 18. Bg5 Ra7 19. Bxa6 Nxa6 20. Nb5 Rb7 21.
Nd2 Nxd2 22. Bxd2 Nc5 23. f3 Nxa4 24. Rxa4 Rxb5 25. Rxc4 Rxb2 26. Rxb2 Bxb2 27. Rc7 Re8 28. g4 f6 29. f4 Bd4+ 30. Kg2 Kf7 31. Bb4 Kf8 32. Rc4 Ba1 33. h4 Ra8 34. g5 fxg5 35. hxg5 Ra2+ 36. Kf3 Kf7 37. Rc7 Ke8 38. Rc8+ Kf7 39.
Rc7 Ke8 40. Rb7 Rb2 41. Rb8+ Kf7 42. Ra8 Rxb4 43. Rxa1 Rb3+ 44. Kg4 Rb4 45. Re1 Rd4 46. f5 gxf5+ 47. Kxf5 Rd2 48. Rh1 Kg7 49. Rh6 Re2 50. Re6 Kf7 51. Kf4 Re1 52. Kf3 Rg1 53. Kf4 Rf1+ 54. Ke3 Re1+ 55. Kf2 Rb1 56. Rh6 Kg7 57.
Kf3 Rb3+ 58. Kf4 Rb1 59. Kf5 Re1 60. Rh4 1-0

[Event "Early-Titled-Tuesday-Blitz-October-10-2023"]
[Site "Chess.com"]
[Date "2023.10.10"]
[Round "1"]
[White "elprimo2012mortis"]
[Black "nihalsarin"]
[Result "1-0"]
[WhiteElo "2572"]
[BlackElo "3127"]
[TimeControl "180+1"]
[EndTime "8:08:12 PDT"]
[Termination "elprimo2012mortis won by resignation"]

1. e4 a6 2. d4 c6 3. Nc3 d5 4. Nf3 Bg4 5. Be2 e6 6. O-O Nd7 7. Bf4 Ngf6 8. e5 Ng8 9. Nd2 Bxe2 10. Nxe2 c5 11. c3 Ne7 12. Nf3 Nc6 13. Qd2 Be7 14. g3 O-O 15. h4 Rc8 16. h5 cxd4 17. cxd4 Qa5 18. Qe3 Nb4 19. Rac1 Qxa2 20. h6 Qxb2 21. hxg7 Rfe8 22. Bg5 Nc6 23. Bxe7 Nxe7 24. Rb1 Qc2 25. Rxb7 Nf5 26. Qf4 Qxe2 27. Rxd7 h6 28. g4 Rc3 29. gxf5 Qxf3 30. Qxf3 Rxf3 31. f6 Rf4 32. Rc1 Rxd4 33. Re7 Ra8 34. Rcc7 Re4 35. f4 Rxf4 36. Rxf7 Rf5 37.
Ra7 Rb8 38. Rfb7 Rc8 39. Rc7 Rb8 40. Rab7 Ra8 41. Ra7 Rb8 42. Rab7 Ra8 43. Rb6 Rxe5 44. Rbc6 Rg5+ 45. Kh2 Rh5+ 46. Kg3 Rg5+ 47. Kh4 Kh7 48. Rc8 Rxc8 49. Rxc8 Rxg7 50. fxg7 Kxg7 51. Rc6 Kf6 52. Kg4 Ke5 53. Kf3 a5 54. Ra6 Kf5 55. Rxa5 h5 56.
Ra8 e5 57. Rf8+ Ke6 58. Rh8 1-0

[Event "Early-Titled-Tuesday-Blitz-October-10-2023"]
[Site "Chess.com"]
[Date "2023.10.10"]
[Round "1"]
[White "attack2mateU"]
[Black "Treasurechess777"]
[Result "1-0"]
[WhiteElo "2711"]
[BlackElo "2401"]
[TimeControl "180+1"]
[EndTime "8:08:13 PDT"]
[Termination "attack2mateU won on time"]

1. e4 Nf6 2. e5 Nd5 3. d4 Nb6 4. c4 d6 5. f4 dxe5 6. fxe5 Nc6 7.
Be3 Bf5 8. Nc3 e6 9. Nf3 Bg4 10.
Be2 Bxf3 11. gxf3 Qd7 12. O-O O-O-O 13. c5 Nd5 14. Nxd5 Qxd5 15. b4 Nxd4 16. Bxd4 Qxd4+ 17. Qxd4 Rxd4 18. a3 g6 19. Rad1 Rxd1 20. Rxd1 Bg7 21. c6 Bxe5 22. cxb7+ Kxb7 23. Rd7 f5 24. Bc4 Kc6 25.
Re7 Bd4+ 26. Kg2 e5 27. Re6+ Kd7 28. Rf6 Re8 29. Bb5+ Ke7 30. Rc6 Rb8 31. Rxc7+ Kd6 32. Rd7+ Ke6 33. Ba4 h5 34. Rc7 Kf6 35. h4 e4 36. f4 Rd8 37. Bb3 Rf8 38. b5 Bb6 39.
Rb7 e3 40. Kf3 Bc5 41. a4 Bb6 42. a5 Bxa5 43. Rxa7 Bb6 44. Rb7 Bd4 45. Rd7 Bc5 46. Rc7 Bd4 47. Ke2 g5 48. hxg5+ Kg6 49. b6 h4 50. b7 Rb8 51. Bd5 h3 52. Rc8 Ba7 53.
Rc6+ Kh5 54. Rh6+ Kg4 55. g6 Kxf4 56. g7 Rxb7 57. Bxb7 Bc5 58. g8=Q Ke5 59. Qe6+ Kd4 60. Qxf5 Kc3 61. Qxc5+ 1-0

[Event "Early-Titled-Tuesday-Blitz-October-10-2023"]
[Site "Chess.com"]
[Date "2023.10.10"]
[Round "1"]
[White "DeTimmerman"]
[Black "Javylavilla"]
[Result "1-0"]
[WhiteElo "2718"]
[BlackElo "2410"]
[TimeControl "180+1"]
[EndTime "8:08:14 PDT"]
[Termination "DeTimmerman won by checkmate"]

1. b4 Nf6 2. Bb2 g6 3. c4 Bg7 4. a4 O-O 5. e3 d6 6. Nf3 c5 7. b5 Nbd7 8. Be2 e5 9. d3 b6 10.
O-O Bb7 11. Nfd2 d5 12. cxd5 Nxd5 13. Nc3 Nb4 14. Nc4 Qe7 15. e4 f5 16. Ne3 f4 17.
Qb3+ Kh8 18. Ned5 Qf7 19. Bf3 Nf6 20. Qc4 Nc2 21. Rac1 Nd4 22. Bd1 Rad8 23. Nxf6 Qxf6 24.
f3 Qd6 25. Ne2 Ne6 26. Bb3 Ng5 27. Rcd1 Bc8 28. Qc2 Be6 29. Bc4 Qe7 30. Nc3 Bxc4 31. dxc4 Ne6 32. Nd5 Qh4 33. a5 bxa5 34. Ra1 Nd4 35.
Qf2 Qh5 36. Rxa5 g5 37. h3 Qf7 38. Rfa1 Rd7 39. Ra6 h5 40. Ba3 Rc8 41. b6 axb6 42. Nxb6 Rd6 43. Bb2 Rb8 44. Nd5 Rxa6 45. Rxa6 Qb7 46.
Ra2 Qb3 47. Bxd4 exd4 48. Qc2 d3 49. Qxb3 Rxb3 50. Rd2 Bd4+ 51. Kh2 Rb1 52. g4 Rb3 53. Kg2 Be3 54. Rd1 Rb2+ 55. Kf1 Rf2+ 56. Ke1 Rxf3 57. Rxd3 Rxh3 58. gxh5 g4 59. Nxe3 fxe3 60. Rd5 g3 61. Rg5 Kh7 62. Ke2 Kh6 63. Rg4 Kxh5 64. Rg8 Rh2+ 65. Kxe3 Rc2 66. Rxg3 Rc3+ 67. Kf4 Rxc4 68.
Kf5 Rc1 69. Rh3# 1-0

[Event "Early-Titled-Tuesday-Blitz-October-10-2023"]
[Site "Chess.com"]
[Date "2023.10.10"]
[Round "1"]
[White "Orest_Vovk"]
[Black "rasmussvane"]
[Result "1-0"]
[WhiteElo "2530"]
[BlackElo "3003"]
[TimeControl "180+1"]
[EndTime "8:08:15 PDT"]
[Termination "Orest_Vovk won by resignation"]

1. h4 d5 2. h5 e5 3. h6 Nxh6 4. d4 e4 5. Bxh6 gxh6 6. e3 c5 7. Nc3 Be6 8. dxc5 Bxc5 9. Rxh6 Nc6 10. Qh5 Qd7 11. O-O-O O-O-O 12. Nxe4 Be7 13. Nf3 Qc7 14. Neg5 Kb8 15. Rxe6 fxe6 16. Nxe6 Qa5 17. Nxd8 Rxd8 18. Kb1 Bf6 19. Nd4 Qb6 20. c3 a6 21. Qxh7 Rc8 22. Qc2 Ne5 23. Qb3 Qa5 24. Qb4 Qxb4 25. cxb4 Ng4 26.
Rd2 Bxd4 27. exd4 Re8 28. Bd3 Kc7 29. a3 Kd6 30. Re2 Rxe2 31. Bxe2 Nxf2 32. g4 Ne4 33.
Kc2 Ke6 34. a4 Nd6 35. a5 Ne4 36. Bd3 Ng5 37. b5 axb5 38. Bxb5 Kd6 39. a6 bxa6 40. Bxa6 Ne6 41. Kc3 Ng5 42. Bd3 Kc6 43. b4 Kb6 44. Kd2 Kc6 45. Ke3 Kd6 46. Bf5 Kc6 47. Kf4 Nh3+ 48.
Ke5 Ng5 49. Kf6 Ne4+ 50. Kg6 Kb5 51. Be6 Kxb4 52. Bxd5 Nf2 53. Bf3 Kc4 54. g5 Nh3 55.
d5 Kc5 56. Kf6 Kd6 57. g6 Ng1 58. g7 Nxf3 59. g8=Q Nd4 60. Qd8+ Kc5 61. d6 Kc6 62. Qc7+ Kd5 63. d7 1-0

[Event "Early-Titled-Tuesday-Blitz-October-10-2023"]
[Site "Chess.com"]
[Date "2023.10.10"]
[Round "1"]
[White "wonderfultime"]
[Black "boasovietica"]
[Result "0-1"]
[WhiteElo "2996"]
[BlackElo "2528"]
[TimeControl "180+1"]
[EndTime "8:08:15 PDT"]
[Termination "boasovietica won by resignation"]

1. d4 Nf6 2. Nf3 g6 3. Bg5 Bg7 4. Nbd2 d5 5. c3 O-O 6. e3 c5 7. Bd3 Nc6 8. O-O Qb6 9. Rb1 Nd7 10. b4 c4 11. Bc2 e5 12. e4 exd4 13. exd5 d3 14.
dxc6 dxc2 15. Qxc2 Qxc6 16. Rfe1 Nb6 17. b5 Qc7 18. Re7 Bd7 19. Qe4 Rfe8 20. h3 Rxe7 21. Qxe7 Re8 22. Qb4 Bf5 23. Rc1 Bd3 24. Qa5 Nd5 25.
Qxa7 Nxc3 26. Re1 Ne2+ 27. Kh1 c3 28. Nb3 h6 29. Be3 c2 30. Qa3 Bc3 31. b6 Qc8 32. Rc1 Nxc1 33. Nxc1 Be4 34. Ng1 Bg7 35. Qb4 Qd7 36. a4 Bf8 37. Qb3 Qc6 38. Nge2 Bxg2+ 39. Kh2 Bf3 40. Nd4 Qd5 41. Kg1 Qxb3 42. Ncxb3 Ba3 43. Nxf3 Rc8 44. Nc1 Bxc1 45. Bxc1 Rd8 46. Nd2 Rd4 47. Kg2 Rxa4 48. Nb3 Rb4 49. Na1 Rb1 50. Nxc2 Rxc1 51. Na3 Rc3 52. Nb5 Rb3 53. Nd6 Rxb6 54. Nc4 Rb4 55. Ne5 b5 56. Nc6 Rb1 0-1

[Event "Early-Titled-Tuesday-Blitz-October-10-2023"]
[Site "Chess.com"]
[Date "2023.10.10"]
[Round "1"]
[White "GalaxyRoman"]
[Black "schack_vit"]
[Result "1-0"]
[WhiteElo "2807"]
[BlackElo "2455"]
[TimeControl "180+1"]
[EndTime "8:08:15 PDT"]
[Termination "GalaxyRoman won by resignation"]

1. e4 c5 2. Nc3 Nc6 3. f4 g6 4. Nf3 Bg7 5. Bb5 Nd4 6. O-O a6 7. Bd3 b5 8. Nxd4 cxd4 9. Ne2 Bb7 10. b3 Qb6 11. Kh1 d6 12. Bb2 Nh6 13. Qe1 O-O 14.
Qf2 e5 15. c3 f5 16. exf5 e4 17. Bc2 e3 18. dxe3 dxe3 19. Qg3 Nxf5 20. Bxf5 Rxf5 21. Rad1 Re8 22. Rd3 Rd5 23. Rxd5 Bxd5 24. f5 Bf7 25. fxg6 Bxg6 26. Nf4 Be5 27. Bc1 e2 28. Re1 Bxc3 29. Qxc3 Qf2 30. h3 Rf8 31. Kh2 Rxf4 32. Bxf4 Qxf4+ 33. Qg3 Qd2 34. Qf2 Bd3 35. Qg3+ Kf7 36. Qf2+ Ke6 37.
Rg1 Qg5 38. Qg3 Qe5 39. Qxe5+ Kxe5 40. Kg3 Ke4 41. Kf2 d5 42. g4 d4 43. Ke1 b4 44.
Kd2 Bb5 45. g5 Kf3 46. g6 hxg6 47. Rxg6 Kf2 48. Rf6+ Kg3 49. Rg6+ Kxh3 50. Ke1 d3 51. Rg5 Kh4 52. Rg6 Kh5 53. Rg8 Kh6 54. Rg4 Kh5 55. Rxb4 Kg5 56. a4 Bc6 57. Rd4 Kf5 58. Rxd3 Ke4 59.
Rc3 Bd5 60. Kxe2 Kd4 61. Kd2 Be6 62. Kc2 a5 63. Kb2 Bf7 64. Rc7 Be6 65. Ra7 Bd5 66. Rxa5 1-0

[Event "Early-Titled-Tuesday-Blitz-October-10-2023"]
[Site "Chess.com"]
[Date "2023.10.10"]
[Round "1"]
[White "DefiantChair"]
[Black "rikchessmx"]
[Result "1-0"]
[WhiteElo "2604"]
[BlackElo "2291"]
[TimeControl "180+1"]
[EndTime "8:08:18 PDT"]
[Termination "DefiantChair won by checkmate"]

1. e4 e5 2. Nf3 Nc6 3. Bb5 a6 4. Ba4 Nf6 5. O-O Be7 6. Re1 b5 7. Bb3 O-O 8. c3 d5 9. exd5 Nxd5 10. Nxe5 Nxe5 11. Rxe5 c6 12. d4 Bd6 13. Re1 Qh4 14.
g3 Qh3 15. Re4 g5 16. Qe2 Bf5 17. Nd2 h6 18. f3 Bxe4 19. fxe4 Rae8 20. Qf2 Nb6 21.
e5 Be7 22. Ne4 Nd5 23. Bd2 Qe6 24. Rf1 Kg7 25. Bxd5 Qxd5 26. Nf6 Bxf6 27. Qxf6+ Kh7 28. Qf5+ Kg8 29. Bxg5 Qe6 30. Bf6 Qxf5 31. Rxf5 Kh7 32. Rf4 Rg8 33. Kf2 Rc8 34. Ke3 a5 35. Ke4 Rg6 36. g4 Rcg8 37. h3 Re8 38. b3 Ra8 39. c4 bxc4 40. bxc4 Rb8 41. d5 Rb4 42. Kf5 Rg8 43.
d6 Rb2 44. Rd4 Rf2+ 45. Ke4 Rxf6 46. exf6 Kg6 47. d7 Rd8 48. Ke5 a4 49. Kd6 Kxf6 50. Kc7 Ra8 51. d8=Q+ Rxd8 52. Rxd8 Kg5 53. Kxc6 Kh4 54.
Rd3 f6 55. Kb5 a3 56. c5 f5 57. c6 f4 58. c7 h5 59. c8=Q f3 60. Qd8+ Kg3 61. Qg5 Kg2 62. Rd2+ f2 63. Qe3 Kh2 64. Rxf2+ Kg1 65. Qe1# 1-0